 Dungeon Crawl Stone Soup version 0.26-a0-940-gf7e0b5f775 (webtiles) character file.

Game seed: 2015296747799417484

159 mg7810 the Skirmisher (level 5, 0/41 HPs)
             Began as a Human Fighter on Nov 27, 2020.
             Blown up by Ijyb (9 damage)
             ... with a disintegration bolt
             ... on level 3 of the Dungeon.
             The game lasted 00:08:12 (3841 turns).

mg7810 the Skirmisher (Human Fighter)               Turns: 3841, Time: 00:08:12

Health: 0/41       AC:  6    Str: 17    XL:     5   Next: 68%
Magic:  5/5        EV:  7    Int:  9    God:
Gold:   157        SH:  9    Dex: 12    Spells: 4/4 levels left

rFire    . . .     SeeInvis .   a - +0 long sword
rCold    . . .     Faith    .   c - +0 kite shield
rNeg     . . .     Spirit   .   b - +0 scale mail
rPois    .         Reflect  .   (no helmet)
rElec    .         Harm     .   n - scarf {+Inv}
rCorr    .         Rampage  .   (no gloves)
MR       .....                  (no boots)
Stlth    ..........             (no amulet)
HPRegen  0.13/turn              (no ring)
MPRegen  0.09/turn              (no ring)

@: no status effects
A: no striking features
a: Evoke Invisibility


You were on level 3 of the Dungeon.
You visited 1 branch of the dungeon, and saw 3 of its levels.

You collected 157 gold pieces.

Inventory:

Hand Weapons
 a - a +0 long sword (weapon)
 s - a +1 mace of protection
Missiles
 d - 8 poisoned darts (quivered)
Armour
 b - a +0 scale mail (worn)
 c - a +0 kite shield (worn)
 n - a scarf of invisibility (worn)
Scrolls
 e - a scroll of identify
 f - 2 scrolls of magic mapping {unknown}
 g - a scroll of fear {unknown}
 h - a scroll of fog {unknown}
 i - a scroll of remove curse {unknown}
 j - 3 scrolls of enchant weapon {unknown}
 k - a scroll of blinking {unknown}
 l - 3 scrolls of teleportation {unknown}
 q - a scroll of amnesia {unknown}
Potions
 o - 2 potions of brilliance
 p - a potion of degeneration {unknown}
 r - a potion of curing
 t - a potion of haste {unknown}
 u - a potion of mutation {unknown}


   Skills:
 + Level 3.6 Fighting
 + Level 3.1 Long Blades
 * Level 1.2 Throwing
 + Level 3.5 Armour
 + Level 1.2 Dodging
 + Level 3.6 Shields
 * Level 0.6 Unarmed Combat
 * Level 0.6 Evocations


You had 4 spell levels left.
You didn't know any spells.
Your spell library was empty.

Dungeon Overview and Level Annotations

Branches:
Dungeon (3/15)

Altars:
Gozag
Kikubaaqudgha
Makhleb

Annotations:
D:3 Ijyb


Message History

You throw a poisoned dart. The poisoned dart hits Ijyb.
Ijyb looks even sicker.
Ijyb is lightly wounded.
You feel much better.
Ijyb screams, "Level is mine!
All mine!"
Ijyb hits you with a +0 club.
You hit Ijyb but do no damage.
Ijyb is moderately wounded.
Ijyb barely misses you.
You hit Ijyb but do no damage.
Ijyb is moderately wounded.
You block Ijyb's attack.
Ijyb zaps a wand.
You are blasted!
Ouch! That really hurt!
* * * LOW HITPOINT WARNING * * *
You hit Ijyb.
Ijyb is heavily wounded.
You block Ijyb's attack.
You hit Ijyb but do no damage.
Ijyb is heavily wounded.
Ijyb zaps a wand.
You are blasted!
You die...

#........##....#≈♣#♣≈♣♣≈#..... .
##.........###..'≈♣♣#♣≈P##.....
.##..........# ##.##≈≈♣##'##.....
............## #.######.......(.
##.........## ### ##..##.###
#.........## ###....#
##.........## ..# ###..#
###..........######.<....####.#
................@gr(>(.#......###
###............#############.....
###...........## ##....
..............# #.###
..............###############....
..............÷..................
.............)###############....
####..........###### ########....
.................... ............


You could see Ijyb (very poisoned) and a rat.

Vanquished Creatures
  An orc priest (D:3)
  7 adders
  An ooze (D:1)
  A worm (D:2)
  2 dart slugs
  3 leopard geckos
  2 orcs (D:3)
  3 giant cockroaches
  8 goblins
  6 hobgoblins
  4 ball pythons (D:3)
  6 bats
  4 frilled lizards
  5 kobolds
  7 rats
60 creatures vanquished.

Notes
Turn   | Place    | Note
-------+----------+-------------------------------------------
     0 | D:1      | mg7810 the Human Fighter began the quest for the Orb.
     0 | D:1      | Reached XP level 1. HP: 18/18 MP: 1/1
   101 | D:1      | Reached XP level 2. HP: 21/24 MP: 2/2
   584 | D:1      | Reached XP level 3. HP: 29/29 MP: 3/3
  1007 | D:2      | Found an ancient bone altar of Kikubaaqudgha.
  1351 | D:2      | Reached XP level 4. HP: 19/35 MP: 4/4
  2979 | D:3      | Reached skill level 1 in Dodging
  3062 | D:3      | Reached XP level 5. HP: 15/41 MP: 5/5
  3414 | D:3      | Found an opulent altar of Gozag.
  3414 | D:3      | Found a burning altar of Makhleb.
  3572 | D:3      | Reached skill level 1 in Throwing
  3831 | D:3      | Noticed Ijyb
  3841 | D:3      | Blown up by Ijyb

Illustrated notes

Levels and vault maps discovered:
D:1:      lemuel_arrival_room, layout_basic
D:2:      layout_basic, old_standard_altar
D:3:      minmay_evil_eye, layout_rooms, gammafunk_temple_overflow_wave,
          saegor_snake_ambush, uniq_ijyb, uniq_jessica, uniq_robin

Skill      XL: |  1  2  3  4  5 |
---------------+----------------+-----
Dodging        | 1 |  1.2
Long Blades    | 3 |  3.1
Throwing       | 1 |  1.2
Fighting       | |  3.6
Armour         | |  3.5
Shields        | |  3.6
Unarmed Combat | |  0.6
Evocations     | |  0.6

Action                   |  1- 3 |  4- 6 || total
-------------------------+-------+-------++-------
Melee: Long sword        |   105 |   132 ||   237
Throw: Dart              |       |    18 ||    18
  Use: Potion            |     1 |     2 ||     3
       Scroll            |       |     1 ||     1
Armor: Scale mail        |    49 |    62 ||   111
Dodge: Dodged            |    26 |    48 ||    74
Block: Kite shield       |    65 |    88 ||   153
       Rpst.: Long sword |     8 |    11 ||    19

Table legend: (Time is in decaauts)
 A = Elapsed time spent in this place.
 B = Non-inter-level travel time spent in this place.
 C = Inter-level travel time spent in this place.
 D = Time resting spent in this place.
 E = Time spent auto-exploring this place.
 F = Levels seen in this place.
 G = Mean time per level.
                   A        B        C        D        E       F      G
               +--------+--------+--------+--------+--------+-----+--------+
         Total |   3942 |   3821 |    121 |      0 |   3159 |   3 | 1314.0 |
       Dungeon |   3942 |   3821 |    121 |      0 |   3159 |   3 | 1314.0 |
               +--------+--------+--------+--------+--------+-----+--------+

Top non-repeatable levels by time:
     D:2: 2236 daAuts
     D:3: 993 daAuts
     D:1: 712 daAuts
